 Dungeon Crawl Stone Soup version 0.29-a0-541-gaf1fc19f1b (webtiles) character file.

Game seed: 16350428510556006765

138 pokeman the Magician (level 5, -1/29 HPs)
             Began as a Deep Elf Hedge Wizard on June 3, 2022.
             Was an Initiate of Vehumet.
             Killed from afar by an orc wizard (12 damage)
             ... with a puff of flame
             ... on level 4 of the Dungeon.
             The game lasted 00:05:24 (3355 turns).

pokeman the Magician (Deep Elf Hedge Wizard)        Turns: 3355, Time: 00:05:25

Health: -1/29      AC:  3    Str:  7    XL:     5   Next: 1%
Magic:  4/15       EV: 12    Int: 21    God:    Vehumet [......]
Gold:   101        SH:  0    Dex: 14    Spells: 1/16 levels left

rFire   . . .      SeeInvis .   p - +0 hand axe (venom)
rCold   . . .      Faith    .   (no shield)
rNeg    . . .      Spirit   .   k - +0 leather armour
rPois   +          Reflect  .   c - +0 hat
rElec   .          Harm     .   (no cloak)
rCorr   .          Rampage  .   (no gloves)
Will    .....                   (no boots)
Stlth   +.........              (no amulet)
HPRegen 0.09/turn               j - ring of poison resistance
MPRegen 0.14/turn               (no ring)

@: confused, very slightly contaminated
A: no striking features
a: Renounce Religion


You were on level 4 of the Dungeon.
You worshipped Vehumet.
Vehumet was noncommittal.
You visited 1 branch of the dungeon, and saw 4 of its levels.

You collected 101 gold pieces.

Inventory:

Hand Weapons
 p - a +0 hand axe of venom (weapon)
Armour
 c - a +0 hat (worn)
 k - a +0 leather armour (worn)
Jewellery
 j - a ring of poison resistance (left hand)
Wands
 w - a wand of flame (24)
Scrolls
 a - a scroll of brand weapon {unknown}
 b - 2 scrolls of teleportation {unknown}
 e - 2 scrolls of immolation {unknown}
 h - 3 scrolls of blinking {unknown}
 i - a scroll of magic mapping {unknown}
 n - a scroll of vulnerability {unknown}
 s - a scroll of poison {unknown}
 t - a scroll of enchant armour {unknown}
 x - a scroll of identify {unknown}
 y - a scroll of noise {unknown}
Potions
 d - a potion of magic
 f - 2 potions of curing {unknown}
 g - 4 potions of might {unknown}
 l - 4 potions of heal wounds {unknown}
 m - 2 potions of resistance {unknown}
 o - a potion of brilliance {unknown}
 q - 2 potions of attraction {unknown}
 r - a potion of berserk rage {unknown}
 u - a potion of ambrosia {unknown}
 v - a potion of haste {unknown}


   Skills:
 - Level 1.0 Fighting
 - Level 1.0 Armour
 - Level 3.0 Dodging
 + Level 2.4 Stealth
 * Level 6.0 Spellcasting
 + Level 2.4 Conjurations
 - Level 1.1 Summonings
 - Level 1.1 Translocations
 - Level 1.2 Fire Magic
 + Level 0.1 Air Magic


You had one spell level left.
You knew the following spells:

 Your Spells              Type           Power      Damage    Failure   Level
a - Magic Dart            Conj           64%        1d6       5%          1
b - Mephitic Cloud        Conj/Pois/Air  9%         N/A       30%         3
c - Call Imp              Summ           10%        N/A       14%         2
d - Blink                 Tloc           20%        N/A       14%         2
e - Conjure Flame         Conj/Fire      13%        6-21      21%         3
f - Flame Wave            Conj/Fire      13%        2d6       56%         4

Your spell library contained the following spells:

 Spells                   Type           Power      Damage    Failure   Level
 Slow                     Hex            24%        N/A       14%         1
 Searing Ray              Conj           32%        2d5       8%          2
 Hailstorm                Conj/Ice       11%        3d5       65%         4
 Summon Forest            Summ/Tloc      5%         N/A       94%         5
 Summon Mana Viper        Hex/Summ       8%         N/A       97%         5
 Iron Shot                Conj/Erth      5%         9d2       100%        6
 Summon Cactus Giant      Summ           5%         N/A       100%        6


Dungeon Overview and Level Annotations

Branches:
Dungeon (4/15)
 Temple: D:4-7

Altars:
Ashenzari
Vehumet

Annotations:
D:4 Menkaure


Message History

The orc wizard mumbles some strange words.
The orc wizard flickers and vanishes!
Deactivating autopickup; reactivate with Ctrl-A.
Casting: Conjure Flame (quite dangerous; 21% risk of failure)
Confirm with . or Enter, or press ? or * to list all spells.
The spell is extremely dangerous to miscast (30% risk of failure)!
Continue anyway?
Aiming: Mephitic Cloud (extremely dangerous; 30% risk of failure)
Press: ? - help, Shift-Dir - straight line, f - orc wizard
Aim: an orc wizard, wielding a +0 dagger and wearing a +0 robe (chance to affect: 86%)
You miscast Mephitic Cloud.
You are very lightly contaminated with residual magic.
Nothing appears to happen.
The orc wizard casts a spell at you. The magic dart hits you!
Casting: Mephitic Cloud (extremely dangerous; 30% risk of failure)
Confirm with . or Enter, or press ? or * to list all spells.
The spell is extremely dangerous to miscast (30% risk of failure)!
Continue anyway?
Aiming: Mephitic Cloud (extremely dangerous; 30% risk of failure)
Press: ? - help, Shift-Dir - straight line, f/p - orc wizard
Aim: an orc wizard, wielding a +0 dagger and wearing a +0 robe (chance to affect: 86%)
You miscast Mephitic Cloud.
Nothing appears to happen.
The orc wizard points at you and mumbles some strange words.
You are confused.
The orc wizard mumbles some strange words.
The orc wizard flickers and vanishes!
You hear some strange, mumbled words.
A puff of flame appears from out of thin air!
The puff of flame hits you.
You bump into the rock wall.
You feel less confused.
Casting: Mephitic Cloud (extremely dangerous; 30% risk of failure)
Confirm with . or Enter, or press ? or * to list all spells.
A beastly little devil appears in a puff of flame.
You hear some strange, mumbled words.
You are confused.
Something hits you.
You hear some strange, mumbled words.
A puff of flame appears from out of thin air!
The puff of flame hits you!
You die...

...# ...## #...# ...##
#...# #...# ######...#
........#################
.......'.Wo{gO{.@5......#
....O..################.#
.....<. #..........#.#
.Mo.o.. #....<.....#.#
..O...g #..........#.#
oo...#. +............#
.#.###. #............#
#####............#
.................#


You could see an ogre (ally target), a phantom, an orc, a goblin and a friendly
crimson imp (summoned).

Vanquished Creatures
  An orc wizard (D:3)
  2 adders
  2 worms
  2 dart slugs (D:2)
  4 bats
  3 endoplasms (D:2)
  3 giant cockroaches
  6 goblins
  5 hobgoblins
  3 quokkas
  4 ball pythons
  3 frilled lizards (D:2)
  5 kobolds
  10 rats
53 creatures vanquished.

Vanquished Creatures (collateral kills)
  An orc priest (D:3)
  3 orcs (D:3)
4 creatures vanquished.

Vanquished Creatures (others)
  3 withered plants (D:2)
3 creatures vanquished.

Grand Total: 60 creatures vanquished

Notes
Turn   | Place    | Note
-------+----------+-------------------------------------------
     0 | D:1      | pokeman the Deep Elf Hedge Wizard began the quest for the
                  | Orb.
     0 | D:1      | Reached XP level 1. HP: 10/10 MP: 7/7
   229 | D:1      | Reached XP level 2. HP: 14/15 MP: 1/9
  1109 | D:2      | Reached skill level 5 in Spellcasting
  1227 | D:2      | Reached XP level 3. HP: 20/20 MP: 8/11
  1231 | D:2      | Learned a level 3 spell: Mephitic Cloud
  1234 | D:2      | Learned a level 2 spell: Call Imp
  1237 | D:2      | Learned a level 2 spell: Blink
  1241 | D:2      | Learned a level 3 spell: Conjure Flame
  1508 | D:2      | Reached skill level 1 in Armour
  1658 | D:2      | Found a faded altar of an unknown god.
  1673 | D:2      | Reached skill level 1 in Fighting
  2432 | D:3      | Found a broken altar of Ashenzari.
  2436 | D:3      | Found a radiant altar of Vehumet.
  2451 | D:3      | Reached XP level 4. HP: 19/25 MP: 4/13
  2455 | D:3      | Became a worshipper of Vehumet
  2564 | D:3      | Reached skill level 1 in Fire Magic
  2577 | D:3      | Reached XP level 5. HP: 7/29 MP: 5/15
  2925 | D:3      | Reached skill level 6 in Spellcasting
  3287 | D:4      | Got Ganuqor's Guide on Conjuration
  3293 | D:4      | Learned a level 4 spell: Flame Wave
  3334 | D:4      | Noticed Menkaure
  3334 | D:4      | Noticed an ogre
  3334 | D:4      | Noticed a phantom
  3355 | D:4      | Killed from afar by an orc wizard

Illustrated notes

Levels and vault maps discovered:
D:1:      minmay_arrival_cross, layout_rooms, item_on_display_a
D:2:      layout_basic, ebering_ecumenical_altar_petrified,
          amcnicky_mini_corridor_feature
D:3:      layout_loops_cross, grunt_temple_overflow_open,
          kennysheep_generic_room_3
D:4:      layout_basic, eino_curves_02, roderic_lattice_a,
          minmay_curled_crystal, eino_small_chamber_without_monster,
          uniq_natasha, uniq_menkaure

Skill      XL: |  1  2  3  4  5 |
---------------+----------------+-----
Spellcasting   | 5 6 |  6.0
Armour         | 1 |  1.0
Fighting       | 1 |  1.0
Conjurations   | 2 |  2.4
Dodging        | 3 |  3.0
Fire Magic     | 1 |  1.2
Stealth        | |  2.4
Summonings     | |  1.1
Translocations | |  1.1
Air Magic      | |  0.1

Action                   |  1- 3 |  4- 6 || total
-------------------------+-------+-------++-------
Melee: Mace              |     8 |       ||     8
       Hand axe          |     2 |    11 ||    13
       Punch             |       |     1 ||     1
 Cast: Magic Dart        |   119 |     6 ||   125
       Mephitic Cloud    |     1 |     2 ||     3
       Call Imp          |       |     3 ||     3
       Conjure Flame     |       |     1 ||     1
 Stab: Confused          |     2 |     2 ||     4
       Sleeping          |     1 |       ||     1
Armor: Leather armour    |     4 |     3 ||     7
Dodge: Dodged            |    19 |    10 ||    29

Table legend: (Time is in decaauts)
 A = Elapsed time spent in this place.
 B = Non-inter-level travel time spent in this place.
 C = Inter-level travel time spent in this place.
 D = Time resting spent in this place.
 E = Time spent auto-exploring this place.
 F = Levels seen in this place.
 G = Mean time per level.
                   A        B        C        D        E       F      G
               +--------+--------+--------+--------+--------+-----+--------+
         Total |   3359 |   3312 |     47 |      0 |   2923 |   4 |  839.8 |
       Dungeon |   3359 |   3312 |     47 |      0 |   2923 |   4 |  839.8 |
               +--------+--------+--------+--------+--------+-----+--------+

Top non-repeatable levels by time:
     D:2: 1265 daAuts
     D:3: 1188 daAuts
     D:1: 830 daAuts
     D:4: 75 daAuts
